 Dungeon Crawl Stone Soup version 0.21-a0-529-g8c7b3f5 (webtiles) character file.

5014 Amnesiac the Destroyer (level 10, -7/56 HPs)
             Began as a Deep Elf Wizard on Dec 10, 2017.
             Was a High Priest of Sif Muna.
             Shot with a sling bullet by Joseph (25 damage)
             ... on level 9 of the Dungeon.
             The game lasted 00:15:18 (7362 turns).

Amnesiac the Destroyer (Deep Elf Wizard)            Turns: 7362, Time: 00:15:19

Health: -7/56      AC:  6    Str:  5    XL:     10   Next: 30%
Magic:  12/36      EV: 14    Int: 26    God:    Sif Muna [*****.]
Gold:   332        SH:  0    Dex: 13    Spells: 14/31 levels left

rFire    + . .     SeeInvis .   I - +0 dagger (venom)
rCold    + . .     Gourm    .   (no shield)
rNeg     + . .     Faith    .   n - +2 robe {rC+ rF+}
rPois    .         Spirit   .   z - +1 helmet
rElec    .         Reflect  .   (no cloak)
rCorr    .         Harm     +   (no gloves)
MR       +....                  (no boots)
Stlth    ++........             s - amulet of harm
HPRegen  0.18/turn              f - ring of magical power
MPRegen  0.25/turn              F - ring of positive energy

@: about to teleport, divine energy
A: no striking features
a: Stop Divine Energy, Channel Magic, Forget Spell, Renounce Religion


You were on level 9 of the Dungeon.
You worshipped Sif Muna.
Sif Muna was extremely pleased with you.
You were near starving.

You visited 1 branch of the dungeon, and saw 9 of its levels.

You collected 428 gold pieces.
You spent 96 gold pieces at shops.

Inventory:

Hand Weapons
 I - a +0 dagger of venom (weapon)
Missiles
 J - 25 poisoned needles
Armour
 n - a +2 robe of resistance (worn)
 z - a +1 helmet (worn)
Jewellery
 e - an uncursed ring of ice
 f - a ring of magical power (left hand)
 s - an amulet of harm (around neck)
 F - a ring of positive energy (right hand)
 K - an uncursed ring of fire {unknown}
Wands
 a - a wand of paralysis (7)
 o - a wand of polymorph (1)
 w - a wand of disintegration (34)
 A - a wand of random effects (55)
Scrolls
 g - 2 scrolls of magic mapping {!r, unknown}
 m - 4 scrolls of immolation {!r, unknown}
 q - 3 scrolls of remove curse {!r}
 r - a scroll of fear {!r, unknown}
 t - a scroll of noise {!r, unknown}
 v - a scroll of summoning {!r, unknown}
 y - 3 scrolls of amnesia {!r, unknown}
 D - 4 scrolls of teleportation {!r}
 H - 2 scrolls of fog {!r, unknown}
 M - a scroll of enchant armour {!r, unknown}
 N - a scroll of blinking {!r, unknown}
Potions
 b - 5 potions of curing {!q, unknown}
 h - a potion of magic {!q, unknown}
 j - 2 potions of cancellation {!q, unknown}
 l - a potion of might {!q}
 p - 3 potions of lignification {!q}
 B - a potion of agility {!q}
 L - 2 potions of berserk rage {!q, unknown}
Books
 c - a book of Minor Magic

   Spells                             Type                      Level
   a - Magic Dart                     Conjuration                  1
   b - Blink                          Translocation                2
   c - Call Imp                       Summoning                    2
   d - Slow                           Hexes                        2
   e - Conjure Flame                  Conjuration/Fire             3
   f - Mephitic Cloud                 Conjuration/Poison/Air       3
 k - a book of Cantrips

   Spells                             Type                      Level
   a - Confusing Touch                Hexes                        1
   b - Animate Skeleton               Necromancy                   1
   c - Summon Small Mammal            Summoning                    1
   d - Apportation                    Translocation                1
 x - Sif Muna's Incunabulum of Battle Magic
   (You found it on level 3 of the Dungeon)

   Spells                             Type                      Level
   a - Flame Tongue                   Conjuration/Fire             1
 G - a book of Air

   Spells                             Type                      Level
   a - Shock                          Conjuration/Air              1
   b - Swiftness                      Charms/Air                   2
   c - Static Discharge               Conjuration/Air              3
   d - Airstrike                      Air                          4
   e - Lightning Bolt                 Conjuration/Air              5
Comestibles
 d - 7 bread rations
 i - 2 meat rations
 u - 5 fruits
 C - 8 royal jellies


   Skills:
 - Level 4.0 Fighting
 - Level 4.0 Dodging
 - Level 2.4 Stealth
 + Level 11.4 Spellcasting
 * Level 12.2 Conjurations
 - Level 1.1 Summonings
 - Level 1.1 Translocations


You had 14 spell levels left.
You knew the following spells:

 Your Spells              Type           Power        Failure   Level  Hunger
a - Flame Tongue          Conj/Fire      #####        1%          1    None
b - Call Imp              Summ           ###.....     3%          2    None
c - Magic Dart            Conj           ####         1%          1    None
d - Lightning Bolt        Conj/Air       #####.....   9%          5    ###....
e - Mephitic Cloud        Conj/Pois/Air  #####...     2%          3    None
s - Conjure Flame         Conj/Fire      #####...     1%          3    None
v - Blink                 Tloc           N/A          3%          2    None


Dungeon Overview and Level Annotations

Branches:
Dungeon (9/15)             Temple (0/1) D:7
   Lair: D:8-11         Orc: D:9-12

Altars:
Cheibriados
Dithmenos
Gozag
Kikubaaqudgha
Qazlal
Sif Muna
Vehumet
Xom
Zin

Shops:
D:9 *

Annotations:
D:9 Joseph


Message History

The necrophage barely misses you.
The orc throws a stone.
The stone misses you.
The orc throws a stone.
The stone hits you but does no damage.
You see here a stone.
Casting: Flame Tongue
Confirm with . or Enter, or press ? or * to list all spells.
Aiming: Lightning Bolt
Press: ? - help, Shift-Dir - straight line, f/p - necrophage
Aim: a necrophage (almost destroyed)
You hear a mighty clap of thunder!
The bolt of lightning hits the necrophage.
You destroy the necrophage!
Sif Muna accepts your kill.
The bolt of lightning hits the orc warrior.
The orc warrior is lightly wounded.
The bolt of lightning misses Joseph.
The bolt of lightning hits the orc wizard.
You kill the orc wizard!
Sif Muna accepts your kill.
You hear a shout!
Joseph says, "I'm happy to see you. And I'll be happy to kill you."
The orc throws a stone.
The stone hits you but does no damage.
Unknown command.
Casting: Lightning Bolt
Confirm with . or Enter, or press ? or * to list all spells.
Aiming: Lightning Bolt
Press: ? - help, Shift-Dir - straight line You hear a mighty clap of thunder!
The bolt of lightning misses the orc warrior.
The bolt of lightning misses Joseph.
You are near starving!
You hear two shouts!
The orc warrior closely misses you.
The orc throws a stone.
The stone closely misses you.
Joseph shoots a sling bullet.
The sling bullet hits you!
Unknown command.
Casting: Lightning Bolt
Confirm with . or Enter, or press ? or * to list all spells.
You don't know that spell.
Casting: Lightning Bolt
Confirm with . or Enter, or press ? or * to list all spells.
Aiming: Lightning Bolt
Press: ? - help, Shift-Dir - straight line You hear a mighty clap of thunder!
The bolt of lightning hits the orc warrior.
The orc warrior is heavily wounded.
The bolt of lightning hits Joseph.
Joseph is lightly wounded.
The orc throws a stone.
The stone barely misses you.
The orc warrior hits you from afar with a glaive!
* * * LOW HITPOINT WARNING * * *
Really quaff
E - a potion of heal wounds {!q}?
You feel much better.
Joseph shoots a sling bullet.
The sling bullet hits you!
* * * LOW HITPOINT WARNING * * *
The orc throws a stone.
The stone completely misses you. The orc warrior barely misses you.
Really read
D - 5 scrolls of teleportation {!r}?
As you read the scroll of teleportation {!r}, it crumbles to dust.
You feel strangely unstable.
Joseph shoots a sling bullet.
The sling bullet hits you!
* * * LOW HITPOINT WARNING * * *
The orc throws a stone.
The stone barely misses you.
Joseph shoots a sling bullet.
The sling bullet hits you!!
You die...

..##.....#####.##
....%......##..##
.....n.(........##
..o...(##).......#
......###.(.(....##
.....###..........#
..Z.. #.....o.....#
..... #.o...@.....##
.o##.......Z..o.@..##
.# .....>.....(....##
. .#................#
#..............###
...............#
..............#
.............##
.............#
............##


You could see Joseph, an orc warrior, an orc and a water moccasin zombie.

Vanquished Creatures
  A two-headed ogre (D:8)
  A queen bee (D:8)
  A troll (D:8)
  2 hippogriffs
  Eustachio (D:4)
  An orc warrior (D:7)
  2 black bears
  3 sky beasts
  A necrophage (D:9)
  2 ogres
  A phantom (D:6)
  A centaur (D:7)
  A big kobold (D:9)
  7 bullfrogs
  A gnoll sergeant (D:8)
  2 scorpions (D:7)
  The ghost of Charly the Chopper, a weakling DsBe of Trog (D:4)
  14 killer bees (D:8)
  2 howler monkeys (D:8)
  An electric eel (D:6)
  3 crimson imps
  A centaur zombie (D:7)
  9 hounds
  An orc priest (D:7)
  5 orc wizards
  2 bullfrog skeletons
  An iguana (D:4)
  4 worker ants
  A hound zombie (D:7)
  3 worker ant zombies
  Robin (D:4)
  8 gnolls
  6 adders
  A howler monkey skeleton (D:8)
  2 oozes
  2 adder skeletons
  A dart slug (D:1)
  5 leopard geckos
  10 orcs
  3 ball pythons
  5 giant cockroaches
  13 goblins
  11 hobgoblins
  7 jackals
  7 bats
  5 frilled lizards
  9 kobolds
  A quokka zombie (D:6)
  5 rats
178 creatures vanquished.

Vanquished Creatures (others)
  5 toadstools (D:1)
5 creatures vanquished.

Grand Total: 183 creatures vanquished

Notes
Turn   | Place    | Note
-------+----------+-------------------------------------------
     0 | D:1      | Amnesiac the Deep Elf Wizard began the quest for the Orb.
     0 | D:1      | Reached XP level 1. HP: 10/10 MP: 7/7
    79 | D:1      | Reached skill level 1 in Fighting
   318 | D:1      | Reached XP level 2. HP: 12/16 MP: 9/9
   322 | D:1      | Learned a level 2 spell: Call Imp
   765 | D:1      | Reached XP level 3. HP: 21/21 MP: 10/10
  1257 | D:2      | You fall through a shaft!
  1507 | D:3      | Reached XP level 4. HP: 27/27 MP: 12/12
  1511 | D:3      | Learned a level 2 spell: Blink
  1515 | D:3      | Learned a level 3 spell: Conjure Flame
  1519 | D:3      | Learned a level 3 spell: Mephitic Cloud
  1799 | D:3      | Found a deep blue altar of Sif Muna.
  1809 | D:3      | Became a worshipper of Sif Muna the Loreminder
  1813 | D:3      | Reached skill level 2 in Conjurations
  1813 | D:3      | Reached XP level 5. HP: 29/32 MP: 13/13
  1820 | D:3      | Identified Sif Muna's Incunabulum of Battle Magic
  1825 | D:3      | Learned a level 1 spell: Flame Tongue
  2443 | D:4      | Noticed Charly's ghost (weakling DsBe)
  2463 | D:4      | Killed Charly's ghost
  2463 | D:4      | Reached skill level 3 in Conjurations
  2753 | D:4      | Reached XP level 6. HP: 37/37 MP: 14/14
  2783 | D:4      | Reached skill level 4 in Conjurations
  2995 | D:4      | Noticed Robin
  3052 | D:4      | Killed Robin
  3342 | D:4      | Reached skill level 5 in Conjurations
  3427 | D:4      | Noticed Eustachio
  3492 | D:4      | Killed Eustachio
  3492 | D:4      | Reached * piety under Sif Muna
  3492 | D:4      | Reached skill level 5 in Spellcasting
  3492 | D:4      | Reached XP level 7. HP: 39/42 MP: 2/16
  3641 | D:5      | Entered Level 5 of the Dungeon
  4173 | D:6      | Learned a level 5 spell: Lightning Bolt
  4239 | D:6      | Reached skill level 6 in Conjurations
  4268 | D:6      | Reached skill level 7 in Conjurations
  4268 | D:6      | Reached XP level 8. HP: 26/48 MP: 1/19
  4465 | D:6      | Found an ancient bone altar of Kikubaaqudgha.
  4497 | D:6      | Found a glowing silver altar of Zin.
  4498 | D:6      | Reached ** piety under Sif Muna
  4630 | D:6      | Found a glowing silver altar of Zin.
  4630 | D:6      | Noticed an angel
  4739 | D:6      | Found an iron altar of Okawaru.
  4741 | D:6      | Found a shimmering altar of Xom.
  4741 | D:6      | Found a shimmering altar of Xom.
  4743 | D:6      | Found an ancient bone altar of Kikubaaqudgha.
  4743 | D:6      | Found a stormy altar of Qazlal.
  4743 | D:6      | Found a stormy altar of Qazlal.
  4848 | D:7      | Identified a paperback manual
  4877 | D:7      | Reached skill level 8 in Conjurations
  5016 | D:7      | Reached skill level 9 in Conjurations
  5163 | D:7      | Found a staircase to the Ecumenical Temple.
  5269 | D:7      | Reached *** piety under Sif Muna
  5279 | D:7      | Reached XP level 9. HP: 33/52 MP: 21/23
  5762 | D:7      | Found a shadowy altar of Dithmenos.
  5762 | D:7      | Found a faded altar of an unknown god.
  5767 | D:7      | Found a radiant altar of Vehumet.
  5769 | D:7      | Found an opulent altar of Gozag.
  5771 | D:7      | Found a faded altar of an unknown god.
  5843 | D:8      | Found a snail-covered altar of Cheibriados.
  5843 | D:8      | Noticed a two-headed ogre
  5855 | D:8      | Killed a two-headed ogre
  5855 | D:8      | Reached skill level 10 in Conjurations
  5982 | D:8      | Reached skill level 10 in Spellcasting
  6023 | D:8      | Noticed a troll
  6047 | D:8      | Killed a troll
  6151 | D:8      | Reached **** piety under Sif Muna
  6151 | D:8      | Reached skill level 11 in Conjurations
  6153 | D:8      | Noticed a queen bee
  6161 | D:8      | Killed a queen bee
  6178 | D:8      | Reached XP level 10. HP: 35/56 MP: 5/26
  6209 | D:8      | HP: 4/84 [poisoned by a killer bee]
  6215 | D:8      | HP: 3/84 [poisoned by a killer bee]
  6223 | D:8      | HP: 1/56 [poisoned by a killer bee]
  6728 | D:8      | Reached skill level 12 in Conjurations
  6826 | D:8      | Reached ***** piety under Sif Muna
  7125 | D:9      | Noticed Joseph
  7125 | D:9      | Noticed a two-headed ogre
  7319 | D:9      | Found Ikola's Assorted Antiques.
  7326 | D:9      | Bought a scroll labeled UWEALIAPTUN for 20 gold pieces
  7326 | D:9      | Bought a dark potion for 18 gold pieces
  7326 | D:9      | Bought a scroll labeled KAHUXO NALUSI for 20 gold pieces
  7326 | D:9      | Bought a scroll labeled GIWAOCHIJY for 20 gold pieces
  7326 | D:9      | Bought a dark potion for 18 gold pieces
  7362 | D:9      | Shot with a sling bullet by Joseph

Vault maps used:
D:1:      ldierk_walled_garden, minmay_curled_crystal, st_stairs_12,
          minmay_shallow_snake_nest
D:3:      led_sif_book
D:4:      first_bread, uniq_eustachio, uniq_robin
D:6:      zin_angel, basic_altar, nicolae_benzene_ring, kennysheep_flooded_box,
          hangedman_abyss_or_decor_stagger, doesnt_xom_only_xom
D:7:      chequers_temple_overflow_minitemple, minmay_temple_entry_crystal_x,
          bh_walls_and_bars
D:8:      minmay_bloctagon_deflated, basic_altar, david_nohive_1
D:9:      old_standard_altar, gammafunk_temple_overflow_statue, serial_shops,
          nicolae_shop_overgrown_old_shop, okawaru_metal_pillars_3, uniq_joseph

Skill      XL: |  1  2  3  4  5  6  7  8  9 10 |
---------------+-------------------------------+-----
Fighting       | 1 2 3 4 |  4.0
Dodging        | 3 4 |  4.0
Conjurations   | 2 3 5 7 9 11 12 | 12.2
Spellcasting   | 5 6 8 10 11 | 11.4
Stealth        | |  2.4
Summonings     | |  1.1
Translocations | |  1.1

Action                   |  1- 3 |  4- 6 |  7- 9 | 10-12 || total
-------------------------+-------+-------+-------+-------++-------
Melee: Unarmed           |     2 |     9 |     5 |       ||    16
       Dagger            |       |       |       |    20 ||    20
 Cast: Magic Dart        |   109 |    49 |     8 |       ||   166
       Mephitic Cloud    |       |     2 |     3 |     4 ||     9
       Flame Tongue      |       |   104 |   176 |    43 ||   323
       Conjure Flame     |       |     6 |    19 |       ||    25
       Blink             |       |     2 |     1 |       ||     3
       Call Imp          |       |       |     1 |       ||     1
       Lightning Bolt    |       |       |       |     9 ||     9
Invok: Divine Energy     |       |       |       |     1 ||     1
  Use: Scroll            |       |       |     6 |     1 ||     7
       Potion            |       |       |       |     2 ||     2
  Eat: Chunk             |     2 |     6 |     8 |     3 ||    19
Armor: Robe              |     9 |    15 |    12 |    10 ||    46
       Skin              |       |       |       |    17 ||    17
Dodge: Dodged            |    26 |    55 |    43 |    38 ||   162

Table legend:
 A = Spawn XP
 B = Non-spawn XP
 C = Spawn XP percentage of total XP
 D = Spawn monster count
 E = Non-spawn monster count
 F = Spawn count percentage of total count
 G = Total turns spent on level
                    A         B        C        D         E        F      G
               +---------+---------+-------+---------+---------+-------+---------
         Total |       0 |    7163 |   0.0 |       0 |     178 |   0.0 |  7362
               +---------+---------+-------+---------+---------+-------+---------
           D:1 |       0 |      43 |   0.0 |       0 |      22 |   0.0 |   880
           D:2 |       0 |      36 |   0.0 |       0 |      14 |   0.0 |   545
           D:3 |       0 |     193 |   0.0 |       0 |      26 |   0.0 |  1005
           D:4 |       0 |     523 |   0.0 |       0 |      27 |   0.0 |  1211
           D:5 |       0 |      73 |   0.0 |       0 |       4 |   0.0 |   443
           D:6 |       0 |     952 |   0.0 |       0 |      17 |   0.0 |   764
           D:7 |       0 |    1120 |   0.0 |       0 |      22 |   0.0 |   995
           D:8 |       0 |    3702 |   0.0 |       0 |      39 |   0.0 |  1301
           D:9 |       0 |     521 |   0.0 |       0 |       7 |   0.0 |   218
               +---------+---------+-------+---------+---------+-------+---------
